| TOP OF THE 1ST |
|
Los Angeles (NYP) Dodgers batting - Pitching for Rome Braves : RHP Pu-la Yun
|
|
Pitching: RHP Pu-la Yun
|
|
|
Batting: SHB Guy Jerome
|
0-0: Ball 1-0: Ball 2-0: Called Strike 2-1: Foul Ball, location: 2F 2-2: Ball 3-2: Ground out 5-3 (Groundball, 5, EV 106.9 MPH)
|
|
Batting: RHB Perry Dominey
|
0-0: Ball 1-0: Ground out 5-3 (Groundball, 56, EV 104.4 MPH)
|
|
Batting: LHB Conor Bailey
|
0-0: Ball 1-0: Ground out 5-3 (Groundball, 56, EV 81.9 MPH)
|
| Top of the 1st over - 0 runs, 0 hits, 0 errors, 0 left on base; Los Angeles (NYP) 0 - Rome 0 |
| BOTTOM OF THE 1ST |
|
Rome Braves batting - Pitching for Los Angeles (NYP) Dodgers : RHP Rick Grenfell
|
|
Pitching: RHP Rick Grenfell
|
|
|
Batting: RHB Carlos Livas
|
0-0: Foul Ball, location: 2F 0-1: Fly out, F9 (Line Drive, 89M, EV 95.6 MPH)
|
|
Batting: LHB Adam Hairston
|
0-0: Ball 1-0: Foul Ball, location: 2F 1-1: Foul Ball, location: 2F 1-2: Fly out, F8 (Flyball, 8RD, EV 100.0 MPH)
|
|
Batting: RHB Mike Velazquez
|
0-0: Called Strike 0-1: Called Strike 0-2: Ball 1-2: Fly out, F8 (Flyball, 8RM, EV 78.1 MPH)
|
| Bottom of the 1st over - 0 runs, 0 hits, 0 errors, 0 left on base; Los Angeles (NYP) 0 - Rome 0 |
| TOP OF THE 2ND |
|
Los Angeles (NYP) Dodgers batting - Pitching for Rome Braves : RHP Pu-la Yun
|
|
Batting: LHB Randy Stapleton
|
0-0: Foul Ball, location: 2F 0-1: Called Strike 0-2: Foul Ball, location: 2F 0-2: Strikes out swinging
|
|
Batting: LHB Ramon Padilla
|
0-0: Called Strike 0-1: Ball 1-1: Called Strike 1-2: Strikes out swinging
|
|
Batting: RHB Cory Bonham
|
0-0: Ball 1-0: Ball 2-0: Ball 3-0: Called Strike 3-1: Base on Balls
|
|
Batting: SHB Dave Reynoso
|
0-0: SINGLE (Line Drive, 7S, EV 109.4 MPH) Cory Bonham to second
|
|
Batting: RHB Geoff Musico
|
0-0: Foul Ball, location: 2F 0-1: Foul Ball, location: 2F 0-2: Strikes out swinging
|
| Top of the 2nd over - 0 runs, 1 hit, 0 errors, 2 left on base; Los Angeles (NYP) 0 - Rome 0 |
| BOTTOM OF THE 2ND |
|
Rome Braves batting - Pitching for Los Angeles (NYP) Dodgers : RHP Rick Grenfell
|
|
Batting: LHB Shigeru Ono
|
0-0: Ball 1-0: Ball 2-0: Called Strike 2-1: Ball 3-1: Foul Ball, location: 2F 3-2: Foul Ball, location: 2F 3-2: Strikes out looking
|
|
Batting: RHB Manny Hensley
|
0-0: Ball 1-0: Foul Ball, location: 2F 1-1: Called Strike 1-2: Ball 2-2: Foul Ball, location: 2F 2-2: Ball 3-2: Foul Ball, location: 2F 3-2: Foul Ball, location: 2F 3-2: DOUBLE (Line Drive, 89D, EV 109.4 MPH)
|
|
Batting: RHB Dave Pizarro
|
0-0: Ball 1-0: Ball 2-0: Ground out 5-3 (Groundball, 56, EV 103.8 MPH)
|
|
Batting: LHB Ivan Castillo
|
0-0: Foul Ball, location: 2F 0-1: Ball 1-1: Ball 2-1: Called Strike 2-2: Foul Ball, location: 2F 2-2: Strikes out swinging
|
| Bottom of the 2nd over - 0 runs, 1 hit, 0 errors, 1 left on base; Los Angeles (NYP) 0 - Rome 0 |
| TOP OF THE 3RD |
|
Los Angeles (NYP) Dodgers batting - Pitching for Rome Braves : RHP Pu-la Yun
|
|
Batting: RHB Yok-sing Zhào
|
0-0: Swinging Strike 0-1: Ball 1-1: Called Strike 1-2: Strikes out looking
|
|
Batting: SHB Guy Jerome
|
0-0: Called Strike 0-1: Ball 1-1: Swinging Strike 1-2: Strikes out swinging
|
|
Batting: RHB Perry Dominey
|
0-0: Ball 1-0: Ball 2-0: Ball 3-0: Base on Balls
|
|
Batting: LHB Conor Bailey
|
0-0: Ball Perry Dominey is caught stealing 2nd base 2-6
|
| Top of the 3rd over - 0 runs, 0 hits, 0 errors, 0 left on base; Los Angeles (NYP) 0 - Rome 0 |
| BOTTOM OF THE 3RD |
|
Rome Braves batting - Pitching for Los Angeles (NYP) Dodgers : RHP Rick Grenfell
|
|
Batting: RHB Yutaka Yamane
|
0-0: Ball 1-0: Foul Ball, location: 2F 1-1: Ball 2-1: Swinging Strike 2-2: Foul Ball, location: 2F 2-2: Strikes out swinging
|
|
Batting: LHB Diego Garcia
|
0-0: Called Strike 0-1: Ball 1-1: Foul Ball, location: 2F 1-2: SINGLE (Flyball, 3D, EV 98.8 MPH)
|
|
Batting: RHB Carlos Livas
|
0-0: Ball 1-0: Swinging Strike Pickoff Throw to First - Error! E1 Diego Garcia to second 1-1: Ball 2-1: Fly out, F8 (Flyball, 8RM, EV 89.4 MPH)
|
|
Batting: LHB Adam Hairston
|
0-0: Called Strike 0-1: Ball 1-1: Ball 2-1: Foul Ball, location: 2F 2-2: Fly out, F7 (Flyball, 78D, EV 88.1 MPH)
|
| Bottom of the 3rd over - 0 runs, 1 hit, 1 error, 1 left on base; Los Angeles (NYP) 0 - Rome 0 |
| TOP OF THE 4TH |
|
Los Angeles (NYP) Dodgers batting - Pitching for Rome Braves : RHP Pu-la Yun
|
|
Batting: LHB Conor Bailey
|
0-0: Ground out 4-3 (Groundball, 4, EV 84.4 MPH)
|
|
Batting: LHB Randy Stapleton
|
0-0: Ball 1-0: Foul Ball, location: 2F 1-1: Ground out 4-3 (Groundball, 4, EV 100.0 MPH)
|
|
Batting: LHB Ramon Padilla
|
0-0: Called Strike 0-1: Called Strike 0-2: Ball 1-2: Strikes out swinging
|
| Top of the 4th over - 0 runs, 0 hits, 0 errors, 0 left on base; Los Angeles (NYP) 0 - Rome 0 |
| BOTTOM OF THE 4TH |
|
Rome Braves batting - Pitching for Los Angeles (NYP) Dodgers : RHP Rick Grenfell
|
|
Batting: RHB Mike Velazquez
|
0-0: Ball 1-0: Called Strike 1-1: Ball 2-1: Foul Ball, location: 2F 2-2: Ball 3-2: Foul Ball, location: 2F 3-2: Fly out, F9 (Flyball, 9, EV 78.8 MPH)
|
|
Batting: LHB Shigeru Ono
|
0-0: Foul Ball, location: 2F 0-1: Ball 1-1: Foul Ball, location: 2F 1-2: Ball 2-2: Ball 3-2: Ground out 2-3 (Groundball, 2L, EV 67.5 MPH)
|
|
Batting: RHB Manny Hensley
|
0-0: Called Strike 0-1: Called Strike 0-2: Ball 1-2: Foul Ball, location: 2F 1-2: SINGLE (Groundball, 56D, EV 99.4 MPH)
|
|
Batting: RHB Dave Pizarro
|
0-0: Ball 1-0: Called Strike 1-1: Foul Ball, location: 2F 1-2: Ball 2-2: Foul Ball, location: 2F 2-2: Foul Ball, location: 2F 2-2: SINGLE (Groundball, 6MD, EV 98.8 MPH) Manny Hensley to second Runner from 2nd tries for 3rd, SAFE, throw by CF made to third
|
|
Batting: LHB Ivan Castillo
|
0-0: Ground out 2-3 (Groundball, 13S, EV 71.2 MPH)
|
| Bottom of the 4th over - 0 runs, 2 hits, 0 errors, 2 left on base; Los Angeles (NYP) 0 - Rome 0 |
| TOP OF THE 5TH |
|
Los Angeles (NYP) Dodgers batting - Pitching for Rome Braves : RHP Pu-la Yun
|
|
Batting: RHB Cory Bonham
|
0-0: Called Strike 0-1: Called Strike 0-2: Strikes out swinging
|
|
Batting: SHB Dave Reynoso
|
0-0: Called Strike 0-1: Foul Ball, location: 2F 0-2: Ball 1-2: Ground out 4-3 (Groundball, 4S, EV 81.9 MPH)
|
|
Batting: RHB Geoff Musico
|
0-0: Called Strike 0-1: Ball 1-1: Swinging Strike 1-2: Ball 2-2: Strikes out looking
|
| Top of the 5th over - 0 runs, 0 hits, 0 errors, 0 left on base; Los Angeles (NYP) 0 - Rome 0 |
| BOTTOM OF THE 5TH |
|
Rome Braves batting - Pitching for Los Angeles (NYP) Dodgers : RHP Rick Grenfell
|
|
Batting: RHB Yutaka Yamane
|
0-0: Called Strike 0-1: Hit by Pitch
|
|
Pitching: RHP Angel Rivas
|
|
|
Batting: LHB Diego Garcia
|
0-0: Ball 1-0: Foul Ball, location: 2F 1-1: Foul Ball, location: 2F 1-2: Strikes out swinging
|
|
Batting: RHB Carlos Livas
|
0-0: Called Strike Yutaka Yamane steals 2nd base 0-1: Called Strike 0-2: Strikes out swinging
|
|
Batting: LHB Adam Hairston
|
0-0: Called Strike 0-1: Foul Ball, location: 2F 0-2: Strikes out looking
|
| Bottom of the 5th over - 0 runs, 0 hits, 0 errors, 1 left on base; Los Angeles (NYP) 0 - Rome 0 |
| TOP OF THE 6TH |
|
Los Angeles (NYP) Dodgers batting - Pitching for Rome Braves : RHP Pu-la Yun
|
|
Batting: RHB Yok-sing Zhào
|
0-0: Ball 1-0: Ground out 6-3 (Groundball, 6, EV 101.9 MPH)
|
|
Batting: SHB Guy Jerome
|
0-0: Foul Ball, location: 2F 0-1: Foul Ball, location: 2F 0-2: Fly out, F6 (Flyball, 6MD, EV 89.4 MPH)
|
|
Batting: RHB Perry Dominey
|
0-0: Ball 1-0: Foul Ball, location: 2F 1-1: Called Strike 1-2: Ball 2-2: Strikes out swinging
|
| Top of the 6th over - 0 runs, 0 hits, 0 errors, 0 left on base; Los Angeles (NYP) 0 - Rome 0 |
| BOTTOM OF THE 6TH |
|
Rome Braves batting - Pitching for Los Angeles (NYP) Dodgers : RHP Angel Rivas
|
|
Batting: RHB Mike Velazquez
|
0-0: Ball 1-0: Ball 2-0: Ball 3-0: Ground out 5-3 (Groundball, 15, EV 86.9 MPH)
|
|
Batting: LHB Shigeru Ono
|
0-0: Called Strike 0-1: Ball 1-1: SOLO HOME RUN (Flyball, 7D, EV 103.1 MPH), Distance : 371 ft
|
|
Pitching: RHP Alfredo Sanchez
|
|
|
Batting: RHB Manny Hensley
|
0-0: Called Strike 0-1: Called Strike 0-2: Strikes out swinging
|
|
Batting: RHB Dave Pizarro
|
0-0: Ball 1-0: SINGLE (Line Drive, 56, EV 103.1 MPH)
|
|
Batting: LHB Ivan Castillo
|
0-0: SINGLE (Groundball, 6M, EV 101.9 MPH) (infield hit) Dave Pizarro to second
|
|
Batting: RHB Yutaka Yamane
|
0-0: Called Strike 0-1: Ball 1-1: Called Strike 1-2: Foul Ball, location: 2F 1-2: Ball 2-2: Ball 3-2: Foul Ball, location: 2F 3-2: Base on Balls Dave Pizarro to third Ivan Castillo to second
|
|
Batting: LHB Diego Garcia
|
0-0: Ball 1-0: Ball 2-0: Foul Ball, location: 2F 2-1: Foul Ball, location: 2F 2-2: Ball 3-2: Fly out, F8 (Flyball, 8RM, EV 86.9 MPH)
|
| Bottom of the 6th over - 1 run, 3 hits, 0 errors, 3 left on base; Los Angeles (NYP) 0 - Rome 1 |
| TOP OF THE 7TH |
|
Los Angeles (NYP) Dodgers batting - Pitching for Rome Braves : RHP Pu-la Yun
|
|
Batting: LHB Conor Bailey
|
0-0: Ball 1-0: Ball 2-0: Ball 3-0: Called Strike 3-1: Fly out, F8 (Flyball, 8RM, EV 90.0 MPH)
|
|
Batting: LHB Randy Stapleton
|
0-0: Ball 1-0: Foul Ball, location: 2F 1-1: Fly out, F4 (Popup, 4MS, EV 71.9 MPH)
|
|
Batting: LHB Ramon Padilla
|
0-0: Ball 1-0: Swinging Strike 1-1: Called Strike 1-2: Foul Ball, location: 2F 1-2: Ground out 4-3 (Groundball, 4S, EV 86.2 MPH)
|
| Top of the 7th over - 0 runs, 0 hits, 0 errors, 0 left on base; Los Angeles (NYP) 0 - Rome 1 |
| BOTTOM OF THE 7TH |
|
Rome Braves batting - Pitching for Los Angeles (NYP) Dodgers : RHP Alfredo Sanchez
|
|
Pitching: RHP Willie Becerra
|
|
|
Batting: RHB Carlos Livas
|
0-0: Swinging Strike 0-1: Swinging Strike 0-2: Ground out 4-3 (Groundball, 4, EV 93.1 MPH)
|
|
Batting: LHB Adam Hairston
|
0-0: Called Strike 0-1: Ball 1-1: Ball 2-1: Foul Ball, location: 2F 2-2: Ball 3-2: Foul Ball, location: 2F 3-2: Ground out 5-3 (Groundball, 56S, EV 72.5 MPH)
|
|
Batting: RHB Mike Velazquez
|
0-0: Called Strike 0-1: Called Strike 0-2: Foul Ball, location: 2F 0-2: SINGLE (Flyball, 9LS, EV 91.2 MPH)
|
|
Batting: LHB Shigeru Ono
|
0-0: Foul Ball, location: 2F 0-1: Foul Ball, location: 2F 0-2: Ball 1-2: Hit by Pitch Mike Velazquez to second
|
|
Batting: RHB Manny Hensley
|
0-0: Ball 1-0: Called Strike 1-1: Ball 2-1: Foul Ball, location: 2F 2-2: Strikes out swinging
|
| Bottom of the 7th over - 0 runs, 1 hit, 0 errors, 2 left on base; Los Angeles (NYP) 0 - Rome 1 |
| TOP OF THE 8TH |
|
Los Angeles (NYP) Dodgers batting - Pitching for Rome Braves : RHP Pu-la Yun
|
|
Pinch Hitting: SHB Marcos Cortez
|
0-0: Foul Ball, location: 2F 0-1: Ball 1-1: Ball 2-1: Swinging Strike 2-2: Ball 3-2: Strikes out swinging
|
|
Batting: SHB Dave Reynoso
|
0-0: Called Strike 0-1: Ball 1-1: Ball 2-1: Swinging Strike 2-2: Ball 3-2: SINGLE (Flyball, 78D, EV 103.8 MPH)
|
|
Batting: RHB Geoff Musico
|
|
|
Pinch Hitting: RHB Jose Corral
|
0-0: Called Strike 0-1: Ball 1-1: Ball 2-1: Ball 3-1: Grounds into double play, 6-4-3 (Groundball, 6D, EV 81.9 MPH)
|
| Top of the 8th over - 0 runs, 1 hit, 0 errors, 0 left on base; Los Angeles (NYP) 0 - Rome 1 |
| BOTTOM OF THE 8TH |
|
Rome Braves batting - Pitching for Los Angeles (NYP) Dodgers : RHP Willie Becerra
|
|
Now at C: Jose Corral
|
|
|
Now at 3B: Marcos Cortez
|
|
|
Now at SS: Dave Reynoso
|
|
|
Batting: RHB Dave Pizarro
|
0-0: Called Strike 0-1: Ground out 5-3 (Groundball, 56S, EV 86.2 MPH)
|
|
Batting: LHB Ivan Castillo
|
0-0: Foul Ball, location: 2F 0-1: Ground out 6-3 (Groundball, 6, EV 93.1 MPH)
|
|
Batting: RHB Yutaka Yamane
|
0-0: Ball 1-0: Fly out, F7 (Flyball, 7D, EV 86.2 MPH)
|
| Bottom of the 8th over - 0 runs, 0 hits, 0 errors, 0 left on base; Los Angeles (NYP) 0 - Rome 1 |
| TOP OF THE 9TH |
|
Los Angeles (NYP) Dodgers batting - Pitching for Rome Braves : RHP Pu-la Yun
|
|
Pitching: RHP Jason Barber
|
|
|
Now in LF: Dave Pizarro
|
|
|
Now in RF: Gebre-Giorgios Wangondu
|
|
|
Pinch Hitting: RHB Zach Slot
|
0-0: Ball 1-0: Ball 2-0: Called Strike 2-1: Called Strike 2-2: Foul Ball, location: 2F 2-2: Strikes out swinging
|
|
Batting: SHB Guy Jerome
|
0-0: Fly out, F6 (Line Drive, 6MD, EV 65.6 MPH)
|
|
Batting: RHB Perry Dominey
|
0-0: Ball 1-0: Ball 2-0: Called Strike 2-1: Ball 3-1: Foul Ball, location: 2F 3-2: Strikes out swinging
|
| Top of the 9th over - 0 runs, 0 hits, 0 errors, 0 left on base; Los Angeles (NYP) 0 - Rome 1 |
|